 Dungeon Crawl Stone Soup version 0.30.1 (webtiles) character file.

Game seed: 338029557262254269

217 LynnLen the Sneak (level 5, 0/24 HPs)
             Began as a Spriggan Enchanter on July 8, 2023.
             Was an Initiate of Dithmenos.
             Killed by divine providence
             ... invoked by an orc priest
              (15 damage)
             ... on level 5 of the Dungeon.
             The game lasted 00:11:48 (4474 turns).

LynnLen the Sneak (Spriggan Enchanter)              Turns: 4474, Time: 00:11:49

Health: 0/24       AC:  2    Str:  8    XL:     5   Next: 62%
Magic:  10/10      EV: 17    Int: 19    God:    Dithmenos [......]
Gold:   231        SH:  0    Dex: 15    Spells: 1/9 levels left

rFire   . . .        e - +5 quick blade of Havoc {flame, *Corrode Str+4}
rCold   . . .        (no shield)
rNeg    . . .        b - +0 robe
rPois   .            (helmet restricted)
rElec   .            (no cloak)
rCorr   .            (gloves unavailable)
SInv    +            (boots unavailable)
Will    .....        (no amulet)
Stlth   ++++         (no ring)
HPRegen 0.24/turn    (no ring)
MPRegen 0.12/turn

%: corrode self (3%)
@: very quick
A: very small, no large weapons, unfitting armour, see invisible, speed 3
a: Renounce Religion


You were on level 5 of the Dungeon.
You worshipped Dithmenos.
Dithmenos was noncommittal.
You visited 2 branches of the dungeon, and saw 6 of its levels.

You collected 231 gold pieces.

Inventory:

Hand Weapons
 e - the +5 quick blade of Havoc (weapon) {flame, *Corrode Str+4}
   (You acquired it on level 3 of the Dungeon)

   Str:       It affects your strength (+4).
   *Corrode:  It may corrode you when you take damage.
Missiles
 h - 18 poisoned darts (quivered)
Armour
 b - a +0 robe (worn)
Scrolls
 a - a scroll of teleportation {unknown}
 d - a scroll of immolation
 f - a scroll of magic mapping {unknown}
 k - a scroll of enchant armour {unknown}
 l - a scroll of fog {unknown}
 n - a scroll of enchant weapon {unknown}
 q - a scroll of blinking {unknown}
 r - a scroll of summoning {unknown}
Potions
 c - a potion of invisibility
 g - 7 potions of curing
 i - a potion of brilliance {unknown}
 j - a potion of flight {unknown}
 m - 2 potions of heal wounds
 o - 2 potions of degeneration {unknown}
 p - a potion of ambrosia {unknown}


   Skills:
 + Level 2.9 Short Blades
 - Level 2.6 Dodging
 * Level 7.3 Stealth
 - Level 2.6 Spellcasting
 + Level 4.7 Hexes
 + Level 1.4 Ice Magic


You had one spell level left.
You knew the following spells:

 Your Spells              Type           Power      Damage    Failure   Level
a - Ensorcelled Hibernat  Hex/Ice        28%        N/A       7%          2
b - Confusing Touch       Hex            20%        N/A       7%          3
c - Tukima's Dance        Hex            20%        N/A       7%          3

Your spell library contained the following spells:

 Spells                   Type           Power      Damage    Failure   Level
 Apportation              Tloc           4%         N/A       16%         1
 Kiss of Death            Conj/Necr      8%         2d6       16%         1
 Dazzling Flash           Conj/Hex       22%        N/A       19%         3
 Dispel Undead            Necr           2%         3d7       83%         4
 Alistair's Intoxication  Tmut/Pois      1%         N/A       99%         5


Dungeon Overview and Level Annotations

Branches:
Dungeon (5/15)             Temple (1/1) D:5

Altars:
Ashenzari
Cheibriados
Dithmenos
Elyvilon
Fedhas
Gozag
Kikubaaqudgha
Makhleb
Qazlal
Trog
Vehumet
Wu Jian
Xom
Yredelemnul
The Shining One

Annotations:
D:4 3 runed translucent doors, turdburglar's ghost, amateur MiFi


Innate Abilities, Weirdness & Mutations

You are very small and have problems with some larger weapons.
You are too small for most types of armour.
You have supernaturally acute eyesight. (SInv)
You cover ground extremely quickly. (Speed+++)


Message History

Unknown command.
Found a blossoming altar of Fedhas.
Found two altars.
Found a shimmering altar of Xom.
There is a shimmering altar of Xom here.
Found a stormy altar of Qazlal.
Found a bloodstained altar of Trog.
Found a glowing golden altar of the Shining One.
Found a snail-covered altar of Cheibriados.
Found an ancient bone altar of Kikubaaqudgha.
There is an ancient bone altar of Kikubaaqudgha here.
Found a shadowy altar of Dithmenos and a radiant altar of Vehumet.
Found a basalt altar of Yredelemnul and a burning altar of Makhleb.
There is a shadowy altar of Dithmenos here.
You kneel at the altar of Dithmenos.
Dithmenos welcomes you!
Unknown command.
Press < or > to pray at altars.
There is a staircase back to the Dungeon here.
You climb upwards.
Welcome back to the Dungeon!
There is a staircase to the Ecumenical Temple here.
No target in view!
As you open the door, it creaks loudly!
There is an open door here.
You open the door.
There is an open door here.
An orc priest comes into view. It is wielding a +0 hand axe.
An orc priest is nearby!
An orc and an orc wizard come into view.
The orc is wielding a +0 dagger of distortion.
An orc priest comes into view. It is wielding a +0 short sword.
The orc priest shouts! x2; You hear an angry hiss.
The orc priest mumbles some strange prayers to Beogh against you.
Beogh smites you!
The orc wizard shouts!
Unknown command.
The orc priest calls down the wrath of Beogh upon you.
Beogh smites you!
Ouch! That really hurt!
You die...

###........o.#####...#
...........#.......#
..#.......o.#......##
.......o#......#
.....o..#......#
........#......#
........#......#####
........#..........#
........@..........#
###........###.....#
#..........#.....#
#....##....#.....#
#.... #....#######
#.... #....# #....
.....# #.......####
..$.


You could see an orc priest, an orc wizard and an orc.

Vanquished Creatures
  An iguana (D:4)
  2 orc wizards
  3 adders (D:3)
  A shadow imp (D:5)
  2 worms (D:2)
  A dart slug (D:4)
  6 orcs
  9 endoplasms
  9 giant cockroaches
  7 goblins
  10 hobgoblins
  2 jackals (D:1)
  6 quokkas
  8 ball pythons
  3 bats
  3 frilled lizards
  9 kobolds
  2 rats
84 creatures vanquished.

Notes
Turn   | Place    | Note
-------+----------+-------------------------------------------
     0 | D:1      | LynnLen the Spriggan Enchanter began the quest for the Orb.
     0 | D:1      | Reached XP level 1. HP: 9/9 MP: 5/5
   154 | D:1      | Reached XP level 2. HP: 13/13 MP: 6/6
   157 | D:1      | Learned a level 2 spell: Ensorcelled Hibernation
   165 | D:1      | Reached skill level 5 in Stealth
   587 | D:1      | Reached XP level 3. HP: 16/16 MP: 8/8
   591 | D:1      | Learned a level 3 spell: Confusing Touch
  1927 | D:3      | Reached skill level 6 in Stealth
  1927 | D:3      | Reached XP level 4. HP: 21/21 MP: 9/9
  1933 | D:2      | Learned a level 3 spell: Tukima's Dance
  2525 | D:3      | Identified a scroll of acquirement
  2582 | D:3      | Acquired the +5 quick blade of Havoc {flame, *Corrode
                  | Str+4}
  2717 | D:4      | Found a broken altar of Ashenzari.
  2764 | D:3      | Reached skill level 1 in Ice Magic
  2830 | D:4      | Found an opulent altar of Gozag.
  2918 | D:4      | Reached XP level 5. HP: 7/24 MP: 1/10
  3051 | D:4      | Reached skill level 7 in Stealth
  3604 | D:4      | Found a runed translucent gate.
  3604 | D:4      | Noticed a centaur
  3605 | D:4      | Found a runed translucent gate.
  3605 | D:4      | Found an opulent altar of Gozag.
  3606 | D:4      | Found a runed translucent gate.
  3606 | D:4      | Noticed turdburglar's ghost (amateur MiFi)
  4123 | D:5      | Entered Level 5 of the Dungeon
  4308 | D:5      | Found a staircase to the Ecumenical Temple.
  4315 | Temple   | Entered the Ecumenical Temple
  4416 | Temple   | Became a worshipper of Dithmenos the Shadowed
  4474 | D:5      | Killed from afar by an orc priest

Illustrated notes

Levels and vault maps discovered:
D:1:      reono_arrival_forest_river, layout_basic
D:2:      layout_loops_corners, minmay_box_of_dots
D:3:      layout_loops_ring, grunt_ministairs_5
D:4:      layout_loops_corners, overflow_temple_1_default,
          overflow_temple_1_default, ebering_ghost_gozag, grunt_ministairs_9,
          kennysheep_generic_room_2
D:5:      minmay_octagon_keep, layout_basic, mainiacjoe_overflow_swirl,
          temple_green
Temple:   hc_temple_tempest_star

Skill      XL: |  1  2  3  4  5 |
---------------+----------------+-----
Stealth        | 5 6 7 |  7.3
Hexes          | 4 |  4.7
Short Blades   | 2 |  2.9
Ice Magic      | 1 |  1.4
Dodging        | |  2.6
Spellcasting   | |  2.6

Action                     |  1- 3 |  4- 6 || total
---------------------------+-------+-------++-------
  Melee: Dagger            |   157 |    20 ||   177
         Quick blade       |       |    62 ||    62
   Cast: Ensorcelled Hiber |    11 |    10 ||    21
         Confusing Touch   |       |     1 ||     1
    Use: Scroll            |     2 |     3 ||     5
         Potion            |       |     1 ||     1
   Stab: Sleeping          |    21 |    14 ||    35
         Invisible         |       |     1 ||     1
         Confused          |       |     1 ||     1
 Armour: Robe              |    10 |     4 ||    14
  Dodge: Dodged            |   108 |    39 ||   147
